 Dungeon Crawl Stone Soup version 0.32-a0-42-ga30500b4d3 (webtiles) character file.

Game seed: 12965427316085969272

270 Dittersdorf the Covered (level 6, -3/39 HPs)
             Began as a Gargoyle Fighter on Jan 29, 2024.
             Incinerated by a bombardier beetle (7 damage)
             ... with a burning spray
             ... on level 4 of the Dungeon.
             The game lasted 00:03:02 (2673 turns).

Dittersdorf the Covered (Gargoyle Fighter)          Turns: 2673, Time: 00:03:03

Health: -3/39      AC: 14    Str: 22    XL:     6   Next: 22%
Magic:  6/6        EV:  9    Int:  8    God:
Gold:   50         SH:  9    Dex:  9    Spells: 5/5 levels left

rFire   . . .        n - +0 morningstar
rCold   . . .        c - +0 buckler
rNeg    + . .        b - +0 scale mail
rPois   ∞            l - +0 helmet
rElec   +            (no cloak)
rCorr   .            (no gloves)
SInv    .            h - +0 pair of boots
Will    .....        f - amulet of reflection Stlth
                     (no ring)
HPRegen 0.26/turn    (no ring)
MPRegen 0.10/turn

%: reflection
@: on fire, glowing
A: sickness immunity, AC +4, negative energy resistance 1, electricity
resistance, torment resistance 1, petrification resistance
a: no special abilities


You were on level 4 of the Dungeon.
You visited 1 branch of the dungeon, and saw 4 of its levels.

You collected 50 gold pieces.

Inventory:

Hand Weapons
 n - a +0 morningstar (weapon)
Armour
 b - a +0 scale mail (worn)
 c - a +0 buckler (worn)
 h - a +0 pair of boots (worn)
 l - a +0 helmet (worn)
Jewellery
 a - a ring of fire
 f - an amulet of reflection (around neck)
Scrolls
 e - 3 scrolls of teleportation
Potions
 d - a potion of might
 g - a potion of enlightenment
 i - 4 potions of curing
 j - 2 potions of brilliance
 k - 2 potions of heal wounds


   Skills:
 + Level 4.6 Fighting
 + Level 3.5 Maces & Flails
 + Level 4.7 Armour
 + Level 4.6 Shields


You had 5 spell levels left.
You didn't know any spells.
Your spell library contained the following spells:

 Spells                   Type           Power      Damage    Failure   Level
 Freeze                   Ice            0%         1d3       78%         1
 Frozen Ramparts          Ice            0%         1d1       98%         3
 Hailstorm                Conj/Ice       0%         3d5       98%         3


Dungeon Overview and Level Annotations

Branches:
Dungeon (4/15)
 Temple: D:4-7

Altars:
Okawaru
Trog
Zin
The Shining One

Shops:
D:3 [


Innate Abilities, Weirdness & Mutations

You are immune to sickness and miasma.
Your stone body is resilient. (AC +4)
You are immune to poison.
You resist negative energy. (rN+)
You are resistant to electric shocks. (rElec)
You are resistant to unholy torment.
You are immune to petrification.


Message History

The kobold hits you but does no damage. You block the kobold's attack.
You closely miss the kobold. You block the kobold's attack.
You barely miss the kobold. The kobold closely misses you.
You miss the kobold. The kobold hits you with a +0 club.
You bludgeon the kobold!!
You kill the kobold!
You open the door.
A bombardier beetle comes into view.
The bombardier beetle sprays incendiary fluid at you.
The burning spray hits you.
You are covered in liquid fire!
There is an open door here.
You sock the bombardier beetle!
The bombardier beetle is heavily wounded.
The liquid fire burns you!
You hit the bombardier beetle but do no damage.
The bombardier beetle is heavily wounded.
The liquid fire burns you!
The bombardier beetle barely misses you.
You hit the bombardier beetle but do no damage.
The bombardier beetle is heavily wounded.
The liquid fire burns you!
You block the bombardier beetle's attack.
You barely miss the bombardier beetle.
The bombardier beetle is heavily wounded.
The liquid fire burns you!
The bombardier beetle bites you but does no damage.
You barely miss the bombardier beetle.
The bombardier beetle is heavily wounded.
The liquid fire burns you!
* * * LOW HITPOINT WARNING * * *
You block the bombardier beetle's attack.
You hit the bombardier beetle but do no damage.
The bombardier beetle is heavily wounded.
The liquid fire burns you!
* * * LOW HITPOINT WARNING * * *
You sock the bombardier beetle!
The bombardier beetle is almost dead.
The liquid fire burns you!
You die...

#.#### # ##....# #
####...#.###
.+...........
########.####...#.###
#.......# ##.##.#
#.....# ####.# #.B.#
#.# #@# #.# ####.# #.#
#....######## #.#
#.#.........## #.#
#.#...####...## #.#
####......##.....###.#
.........###.........#
####.##)## #.....#####
#. #.# ##...##


You could see a bombardier beetle.

Vanquished Creatures
  A phantom (D:2)
  A jelly (D:3)
  An orc priest (D:3)
  An orc wizard (D:3)
  3 adders
  2 dart slugs (D:2)
  A ribbon worm (D:2)
  10 orcs (D:3)
  5 ball pythons
  10 endoplasms
  2 giant cockroaches (D:1)
  6 goblins
  4 hobgoblins
  3 jackals (D:1)
  4 quokkas
  4 bats
  5 frilled lizards
  5 kobolds
  4 rats
72 creatures vanquished.

Vanquished Creatures (others)
  A hobgoblin (D:3)
1 creature vanquished.

Grand Total: 73 creatures vanquished

Notes
Turn   | Place    | Note
-------+----------+-------------------------------------------
     0 | D:1      | Dittersdorf the Gargoyle Fighter began the quest for the
                  | Orb.
     0 | D:1      | Reached XP level 1. HP: 14/14 MP: 1/1
   137 | D:1      | Reached XP level 2. HP: 19/19 MP: 2/2
   727 | D:1      | Reached XP level 3. HP: 18/23 MP: 3/3
  1155 | D:2      | Noticed a phantom
  1176 | D:2      | Killed a phantom
  1177 | D:2      | Reached XP level 4. HP: 13/29 MP: 4/4
  1626 | D:2      | Reached XP level 5. HP: 33/33 MP: 5/5
  1980 | D:3      | Found an iron altar of Okawaru.
  2015 | D:3      | Found a transporter.
  2019 | D:3      | Found Xuiloy's Antique Armour Boutique.
  2060 | D:3      | Reached XP level 6. HP: 21/39 MP: 6/6
  2136 | D:3      | Found a transporter.
  2181 | D:3      | Found a glowing silver altar of Zin.
  2273 | D:3      | Found a glowing golden altar of the Shining One.
  2299 | D:3      | Found a bloodstained altar of Trog.
  2673 | D:4      | Incinerated by a bombardier beetle

Illustrated notes

Levels and vault maps discovered:
D:1:      sevenhm_arrival_forest_fort_small_3, layout_loops_ring,
          serial_co_window_serial, co_window_paths_b,
          co_window_of_opportunity_a, co_window_paths_a, co_window_paths_a,
          co_window_paths_a, co_window_corner_a, co_window_corner_a,
          co_window_corner_b, co_window_2corner, co_window_corner_ca,
          co_window_broadway_b, co_window_corner_b, co_window_of_opportunity_b,
          co_window_paths_e, glass_columns_a
D:2:      layout_loops_cross
D:3:      layout_rooms, mainiacjoe_overflow_brackets,
          mainiacjoe_overflow_alcove_1, mainiacjoe_overflow_24_doors,
          lemuel_doored_altar, serial_shops, nicolae_shop_drivethru
D:4:      layout_loops_corners, nicolae_ru_great_annihilating_truth,
          portal_sewer_entry_f, dk_vineyard_1, uniq_eustachio

Skill      XL: |  1  2  3  4  5 |
---------------+----------------+-----
Fighting       | 4 |  4.6
Armour         | 4 |  4.7
Shields        | 4 |  4.6
Maces & Flails | 3 |  3.5

Action                     |  1- 3 |  4- 6 || total
---------------------------+-------+-------++-------
  Melee: Flail             |    98 |    88 ||   186
         Morningstar       |       |    85 ||    85
    Use: Scroll            |       |     6 ||     6
 Armour: Scale mail        |    64 |    93 ||   157
  Dodge: Dodged            |    35 |    66 ||   101
  Block: Buckler           |    42 |    83 ||   125
         Reflection        |     1 |     6 ||     7

Table legend: (Time is in decaauts)
 A = Elapsed time spent in this place.
 B = Non-inter-level travel time spent in this place.
 C = Inter-level travel time spent in this place.
 D = Time resting spent in this place.
 E = Time spent auto-exploring this place.
 F = Levels seen in this place.
 G = Mean time per level.
                   A        B        C        D        E       F      G
               +--------+--------+--------+--------+--------+-----+--------+
         Total |   2758 |   2684 |     74 |    133 |   1912 |   4 |  689.5 |
       Dungeon |   2758 |   2684 |     74 |    133 |   1912 |   4 |  689.5 |
               +--------+--------+--------+--------+--------+-----+--------+

Top non-repeatable levels by time:
     D:1: 1164 daAuts
     D:2: 789 daAuts
     D:3: 654 daAuts
     D:4: 149 daAuts
